Map: New Williamsberg

Players

zotzot

  • Race: Terran Terran
  • Spawn Location: 12:00

NeoJeeoh

  • Race: Zerg Zerg
  • Spawn Location: 3:00

LolmalletteL

  • Race: Protoss Protoss
  • League: Bronze
  • Spawn Location: 0:00

PaChewyChomp

  • Race: Zerg Zerg
  • Spawn Location: 0:00

Kanoma

  • Race: Protoss Protoss
  • Spawn Location: 9:00

Grumm

  • Race: Protoss Protoss
  • League: Gold
  • Spawn Location: 6:00

VOD

Have the link to the VOD?

Description

Time

  • Played on: Feb. 19, 2016, 2:07 p.m.
  • Length: 9:29
Show
View Real Time Build Order
Export as new Build Order

zotzot Terran 

Build Orders: MMM Bio 

Get SALT Encoding   

  12  0:01  SCV  
  13  0:14  SCV  
  14  0:18  Supply Depot  
  14  0:26  SCV  
  15  0:40  SCV  
  16  0:42  Barracks  
  16  0:52  Refinery  
  16  0:53  SCV  
  17  1:05  Barracks  
  17  1:06  SCV  
  18  1:11  Refinery  
  18  1:18  SCV  
  19  1:30  Marine, SCV  
  21  1:43  Supply Depot  
  21  1:44  Orbital Command  
  21  1:51  Barracks Tech Lab  
  21  1:54  Barracks Reactor  
  21  2:12  Factory, Marine, SCV  
  23  2:25  SCV  
  24  2:30  Marine x2  
  24  2:31  Stimpack  
  24  2:33  Marine  
  27  2:39  Supply Depot  
  27  2:40  SCV  
  28  2:52  SCV  
  29  3:01  Widow Mine  
  29  3:02  Starport  
  31  3:11  Marauder  
  31  3:12  SCV  
  34  3:19  Marine  
  34  3:24  SCV  
  36  3:32  Marauder  
  38  3:36  SCV  
  39  3:55  Medivac x2  
  39  3:56  SCV  
  39  3:59  Command Center  
  44  4:06  Widow Mine  
  44  4:08  Marine  
  47  4:13  Supply Depot  
  47  4:20  SCV  
  48  4:33  Marauder, Marine  
  51  4:39  Combat Shields  
  51  4:41  SCV  
  52  4:46  Supply Depot  
  52  4:52  Engineering Bay  
  52  4:53  SCV  
  50  5:51  SCV  
  38  6:03  SCV  
  39  6:04  Medivac x2  
  39  6:05  Barracks Reactor  
  39  6:07  Marauder  
  39  6:08  Hi-Sec Auto Tracking  
  45  6:12  Missile Turret  
  45  6:15  SCV  
  45  6:16  Barracks  
  46  6:19  Engineering Bay  
  46  6:25  Missile Turret, Concussive Shells  
  46  6:27  SCV  
  46  6:28  Marauder  
  49  6:35  Planetary Fortress  
  49  6:39  Missile Turret, SCV  
  50  6:41  Refinery  
  50  6:42  Refinery  
  50  6:45  Missile Turret  
  50  6:51  Marine x2  
  52  6:55  SCV  
  53  7:05  Barracks Tech Lab  
  53  7:07  Factory, SCV  
  53  7:08  Factory Tech Lab  
  54  7:09  Marauder, Marine x2  
  58  7:19  SCV  
  59  7:23  Viking  
  59  7:25  Marine  
  59  7:26  Marine  
  59  7:27  Widow Mine, Marine  
  66  7:30  Marine  
  67  7:38  SCV  
  67  7:41  SCV  
  67  7:42  Marine  
  70  7:44  Marine x2  
  70  7:50  SCV  
  73  7:52  Factory Reactor  
  73  7:54  SCV  
  73  7:56  Armory  
  74  8:03  SCV  
  75  8:06  Marine x2  
  75  8:07  Marauder x2  
  75  8:11  SCV  
  82  8:15  SCV  
  83  8:23  SCV  
  84  8:33  Marine x2  
  84  8:35  Marauder  
  86  8:42  Marauder, Widow Mine x2, SCV  
  86  8:45  Supply Depot  
  93  8:50  Supply Depot  
  93  8:52  Supply Depot  
  93  8:54  SCV  
  94  9:09  Supply Depot  
Show
View Real Time Build Order
Export as new Build Order

NeoJeeoh Zerg 

Build Orders: Pool First 

Get SALT Encoding   

  12  0:02  Drone  
  13  0:09  Drone  
  14  0:16  Overlord  
  14  0:35  Drone x2  
  16  0:37  Drone  
  17  0:46  Drone  
  18  0:53  Extractor  
  18  0:56  Spawning Pool  
  16  0:57  Drone  
  17  1:09  Drone  
  18  1:19  Drone  
  20  1:32  Drone  
  20  1:33  Hatchery  
  19  1:40  Overlord  
  19  1:44  Queen  
  21  1:53  Metabolic Boost  
  21  1:55  Drone  
  22  2:27  Drone x3  
  25  2:37  Hatchery  
  24  2:47  Queen  
  24  2:48  Spine Crawler  
  24  2:49  Drone x2  
  27  2:52  Drone  
  27  2:57  Extractor  
  27  3:09  Drone x2  
  29  3:15  Zergling x6, Spore Crawler  
  31  3:26  Zergling x4  
  33  3:31  Zergling x2  
  33  3:32  Zergling x4  
  36  3:49  Zergling x6  
  37  4:01  Drone x4  
  41  4:04  Overlord  
  41  4:15  Lair  
  41  4:22  Overlord, Queen  
  43  4:26  Overlord  
  42  5:00  Overlord  
  40  5:21  Drone x13  
  47  5:36  Hydralisk Den  
  47  5:37  Drone  
  47  5:39  Evolution Chamber  
  46  5:44  Evolution Chamber  
  46  5:45  Evolution Chamber  
  44  6:04  Spine Crawler  
  44  6:05  Spine Crawler  
  44  6:07  Drone x3, Extractor  
  44  6:08  Drone x13, Extractor  
  56  6:18  Muscular Augments  
  56  6:25  Zerg Melee Weapons Level 1, Zerg Missile Weapons Level 1  
  56  6:27  Zerg Ground Armor Level 1  
  56  6:31  Drone  
  57  6:34  Drone  
  58  6:42  Infestation Pit  
  57  6:49  Spore Crawler  
  56  6:58  Overlord  
  56  6:59  Hydralisk  
  56  7:00  Hydralisk x5  
  56  7:01  Hydralisk  
  68  7:04  Overseer  
  70  7:34  Overlord x2  
  70  7:35  Hydralisk  
  70  7:36  Hydralisk  
  74  7:38  Lurker Den  
  74  7:44  Hatchery  
  74  7:50  Hatchery  
  72  8:08  Hive  
  72  8:09  Pathogen Glands  
  72  8:18  Hydralisk  
  72  8:19  Hydralisk x5  
  84  8:50  Zergling x20  
  84  8:51  Zergling x8  
Show
View Real Time Build Order
Export as new Build Order

LolmalletteL Protoss 

Build Orders:  

Get SALT Encoding   

  12  0:03  Probe (Chrono Boost)  
  13  0:15  Probe (Chrono Boost)  
  14  0:23  Pylon  
  14  0:25  Probe (Chrono Boost)  
  15  0:41  Probe (Chrono Boost)  
  16  0:44  Forge  
  16  0:52  Probe (Chrono Boost)  
  16  0:53  Gateway  
  17  1:02  Probe (Chrono Boost)  
  18  1:05  Pylon  
  18  1:11  Assimilator  
  18  1:14  Probe (Chrono Boost)  
  19  1:25  Probe (Chrono Boost)  
  20  1:28  Photon Cannon  
  20  1:35  Probe (Chrono Boost)  
  21  1:40  Assimilator  
  21  1:45  Photon Cannon  
  21  1:52  Probe (Chrono Boost)  
  22  2:04  Probe (Chrono Boost)  
  23  2:20  Nexus  
  23  2:26  Pylon  
  23  2:35  Probe (Chrono Boost)  
  24  2:39  Cybernetics Core  
  24  2:46  Probe (Chrono Boost)  
  25  2:56  Photon Cannon  
  25  3:00  Pylon  
  25  3:05  Probe (Chrono Boost)  
  26  3:16  Photon Cannon  
  26  3:28  Photon Cannon  
  26  3:32  Probe (Chrono Boost)  
  27  3:39  Stargate  
  27  3:43  Probe (Chrono Boost)  
  28  3:53  Probe (Chrono Boost)  
  29  4:01  Stargate  
  29  4:04  Probe (Chrono Boost)  
  29  4:06  Assimilator  
  30  4:15  Assimilator, Probe (Chrono Boost)  
  31  4:19  Pylon  
  31  4:22  Void Ray (Chrono Boost)  
  35  4:27  Probe (Chrono Boost)  
  36  4:34  Probe (Chrono Boost)  
  37  4:40  Photon Cannon  
  37  4:44  Probe (Chrono Boost)  
  38  4:48  Void Ray (Chrono Boost)  
  42  4:58  Probe  
  43  5:04  Void Ray (Chrono Boost)  
  47  5:10  Probe  
  48  5:26  Void Ray (Chrono Boost)  
  52  5:46  Void Ray (Chrono Boost)  
  52  5:49  Stargate  
  56  6:04  Void Ray (Chrono Boost)  
  60  6:29  Fleet Beacon  
  60  6:31  Pylon  
  60  6:32  Probe  
  61  6:34  Photon Cannon  
  61  6:43  Pylon  
  61  6:44  Probe  
  66  6:55  Void Ray (Chrono Boost)  
  66  6:56  Void Ray (Chrono Boost)  
  66  6:59  Pylon  
  66  7:00  Pylon  
  70  7:01  Probe  
  70  7:02  Pylon  
  71  7:13  Probe  
  68  7:25  Probe  
  68  7:26  Void Ray (Chrono Boost)  
  77  7:44  Tempest (Chrono Boost)  
  77  7:51  Tempest (Chrono Boost)  
  81  7:54  Nexus  
  81  8:03  Tempest (Chrono Boost)  
  85  8:21  Tempest (Chrono Boost)  
  93  8:44  Tempest (Chrono Boost)  
  93  8:46  Pylon  
  93  8:50  Pylon  
Show
View Real Time Build Order
Export as new Build Order

PaChewyChomp Zerg 

Build Orders: Pool First 

Get SALT Encoding   

  12  0:02  Drone  
  13  0:09  Drone  
  14  0:21  Overlord  
  14  0:35  Spawning Pool  
  13  0:38  Drone  
  14  0:44  Drone  
  14  0:47  Drone  
  16  0:50  Extractor  
  16  0:54  Drone  
  16  1:00  Drone  
  17  1:23  Queen  
  19  1:36  Drone, Hatchery  
  19  1:40  Drone  
  19  1:44  Drone  
  21  1:51  Metabolic Boost  
  21  2:03  Overlord  
  21  2:06  Drone  
  22  2:10  Extractor  
  21  2:33  Lair  
  21  2:37  Zergling x2  
  22  2:38  Zergling x8  
  22  2:40  Zergling x2  
  27  2:52  Queen  
  29  3:05  Drone x2  
  31  3:07  Drone  
  31  3:08  Drone  
  31  3:11  Drone  
  34  3:30  Spore Crawler  
  33  3:37  Hydralisk Den  
  33  3:38  Overlord  
  26  4:00  Drone x3  
  26  4:01  Drone x5  
  34  4:03  Drone  
  35  4:14  Muscular Augments  
  35  4:26  Extractor  
  34  4:35  Hydralisk x3  
  40  4:39  Drone  
  40  4:40  Drone  
  40  4:41  Drone  
  43  4:51  Zergling x2  
  44  4:53  Overlord x2  
  44  5:10  Evolution Chamber  
  44  5:11  Evolution Chamber  
  42  5:16  Zergling x4  
  42  5:17  Zergling x10  
  42  5:18  Zergling x2  
  50  5:33  Drone  
  50  5:34  Drone x5  
  56  5:36  Zerg Ground Armor Level 1  
  44  6:05  Hydralisk x4  
  44  6:08  Overlord x3  
  51  6:20  Zerg Missile Weapons Level 1  
  51  6:40  Extractor  
  51  6:43  Hydralisk x4  
  51  6:44  Hydralisk x2  
  62  6:52  Overseer  
  62  6:53  Overseer  
  62  7:00  Drone  
  63  7:03  Drone  
  63  7:04  Hydralisk x2  
  66  7:19  Hydralisk x6  
  71  7:24  Queen  
  73  7:38  Overlord x2  
  73  8:07  Hatchery, Pneumatized Carapace  
  72  8:13  Nydus Network  
  71  8:26  Roach Warren  
  71  8:37  Zergling x2  
  71  8:38  Zergling x12  
  71  8:39  Zergling x8  
  82  8:56  Hydralisk  
  82  8:57  Hydralisk x3  
  90  9:15  Nydus Canal  
Show
View Real Time Build Order
Export as new Build Order

Kanoma Protoss 

Build Orders:  

Get SALT Encoding   

  12  0:05  Probe (Chrono Boost)  
  13  0:17  Probe (Chrono Boost)  
  14  0:26  Pylon  
  14  0:28  Probe (Chrono Boost)  
  15  0:46  Probe (Chrono Boost)  
  15  0:48  Gateway  
  16  0:56  Probe (Chrono Boost)  
  17  1:12  Probe (Chrono Boost)  
  17  1:15  Assimilator  
  17  1:16  Assimilator  
  18  1:23  Probe (Chrono Boost)  
  19  1:33  Probe (Chrono Boost)  
  20  1:44  Probe (Chrono Boost)  
  21  1:47  Cybernetics Core  
  21  2:00  Pylon  
  21  2:05  Pylon  
  21  2:28  Stargate  
  22  2:51  Probe (Chrono Boost)  
  22  2:58  Stargate  
  22  3:00  Pylon  
  22  3:02  Mothership Core (Chrono Boost)  
  24  3:17  Nexus  
  24  3:33  Pylon  
  24  3:36  Void Ray (Chrono Boost)  
  24  3:38  Pylon  
  28  3:43  Forge  
  28  3:47  Probe  
  29  3:55  Assimilator  
  29  3:59  Probe  
  29  4:00  Assimilator  
  34  4:11  Probe  
  34  4:12  Void Ray (Chrono Boost)  
  35  4:20  Photon Cannon  
  35  4:28  Probe, Photon Cannon  
  37  4:31  Probe  
  37  4:53  Photon Cannon  
  37  4:56  Photon Cannon  
  37  5:00  Photon Cannon  
  37  5:18  Void Ray (Chrono Boost)  
  41  5:22  Probe  
  41  5:25  Probe  
  43  5:33  Probe  
  40  5:37  Probe  
  37  5:43  Probe  
  42  5:56  Void Ray (Chrono Boost)  
  42  5:58  Void Ray (Chrono Boost)  
  46  6:04  Protoss Air Weapons Level 1  
  50  6:38  Void Ray (Chrono Boost)  
  50  6:39  Void Ray (Chrono Boost)  
  54  6:52  Probe  
  54  6:53  Probe  
  56  7:02  Probe  
  56  7:05  Probe  
  58  7:13  Probe  
  61  7:16  Phoenix (Chrono Boost)  
  61  7:17  Probe  
  61  7:19  Phoenix (Chrono Boost)  
  64  7:23  Probe  
  64  7:29  Probe  
  66  7:34  Probe  
  67  7:38  Phoenix (Chrono Boost)  
  67  7:41  Probe  
  67  7:42  Phoenix (Chrono Boost)  
  72  7:44  Probe  
  73  7:53  Probe  
  74  7:59  Phoenix  
  74  8:05  Phoenix  
  78  8:24  Nexus  
  78  8:42  Pylon  
  78  8:47  Pylon  
  78  8:54  Pylon  
  78  9:00  Phoenix x2  
  82  9:04  Stargate  
  82  9:07  Fleet Beacon  
  82  9:27  Pylon  
  82  9:28  Photon Cannon  
Show
View Real Time Build Order
Export as new Build Order

Grumm Protoss 

Build Orders: Nexus First 

Get SALT Encoding   

  12  0:39  Nexus  
  12  0:58  Pylon  
  12  1:01  Probe (Chrono Boost)  
  13  1:16  Gateway  
  13  1:21  Gateway  
  13  1:37  Pylon  
  13  1:38  Probe (Chrono Boost)  
  14  1:45  Assimilator  
  14  1:49  Probe (Chrono Boost)  
  14  1:52  Assimilator  
  15  2:04  Probe (Chrono Boost)  
  16  2:09  Zealot x2  
  16  2:12  Probe (Chrono Boost)  
  21  2:27  Pylon  
  21  2:31  Probe (Chrono Boost)  
  21  2:35  Cybernetics Core  
  22  2:45  Probe (Chrono Boost)  
  22  2:46  Probe (Chrono Boost)  
  24  3:00  Probe (Chrono Boost)  
  25  3:08  Gateway  
  25  3:11  Gateway  
  25  3:12  Warp Gate (Chrono Boost)  
  25  3:24  Probe  
  26  3:30  Adept x2  
  26  3:32  Probe  
  31  3:38  Pylon  
  27  4:01  Twilight Council  
  27  4:03  Probe  
  27  4:04  Pylon  
  27  4:05  Probe  
  29  4:14  Probe  
  29  4:16  Assimilator  
  30  4:17  Probe  
  31  4:27  Robotics Facility  
  31  4:28  Probe  
  31  4:29  Assimilator  
  31  5:00  Adept x2  
  31  5:01  Adept  
  31  5:02  Zealot  
  23  5:22  Probe  
  20  5:33  Stalker x4  
  16  5:50  Stargate  
  16  5:55  Pylon, Probe  
  57  6:40  Phoenix  
  17  6:46  Gateway, Probe  
  20  6:56  Probe  
  21  7:24  Pylon  
  21  7:31  Oracle  
  24  7:51  Pylon  
  24  7:52  Observer  
  25  8:16  Stalker  
  25  8:17  Stalker  
  29  8:26  Stalker x2  
  29  8:27  Stalker  
  35  8:45  Nexus  
Tags
 
Add a new tag
Caveats
  • Supply blocks, unpowered buildings, or Contaminate may cause inaccurate times.
  • Supply counts are checked every 10 seconds.